 Dungeon Crawl Stone Soup version 0.30-a0-57-g8b159a9891 (webtiles) character file.

Game seed: 15000235150886737261

576 Malachi the Shooter (level 7, 0/50 HPs)
             Began as a Demonspawn Hunter on Sept 12, 2022.
             Was a Believer of Nemelex Xobeh.
             Slain by an orc
             ... wielding a +0 hand axe
              (2 damage)
             ... on level 7 of the Dungeon.
             The game lasted 00:05:05 (2922 turns).

Malachi the Shooter (Demonspawn Hunter)             Turns: 2922, Time: 00:05:06

Health: 0/50       AC:  3    Str: 11    XL:     7   Next: 13%
Magic:  0/7        EV: 12    Int: 10    God:    Nemelex Xobeh [**....]
Gold:   174        SH:  0    Dex: 19    Spells: 6/6 levels left

rFire   . . .      SeeInvis .    a - +0 shortbow
rCold   . . .      Faith    .    (shield currently unavailable)
rNeg    . . .      Spirit   +    c - +0 leather armour
rPois   .          Reflect  .    (helmet restricted)
rElec   .          Harm     .    (no cloak)
rCorr   .          Rampage  .    (no gloves)
Will    .....                    (no boots)
Stlth   ++........               w - amulet of guardian spirit
HPRegen 0.16/turn                m - ring of flight
MPRegen 0.10/turn                (no ring)

@: flying
A: antennae 1, ignite blood 2, powered by death 2
a: Renounce Religion, Draw Escape, Draw Destruction, Draw Summoning


You were on level 7 of the Dungeon.
You worshipped Nemelex Xobeh.
Nemelex Xobeh was pleased with you.
You visited 1 branch of the dungeon, and saw 6 of its levels.

You collected 174 gold pieces.

Inventory:

Hand Weapons
 a - a +0 shortbow (weapon)
 j - a +2 antimagic dagger
 o - a +3 dagger
Armour
 c - a +0 leather armour (worn)
 l - an orb of mayhem
Jewellery
 m - a ring of flight (left hand)
 w - an amulet of guardian spirit (around neck)
Scrolls
 b - 5 scrolls of immolation
 d - 3 scrolls of fog
 g - a scroll of brand weapon
 h - a scroll of enchant armour
 k - a scroll of magic mapping {unknown}
 n - a scroll of enchant weapon {unknown}
 t - a scroll of silence
Potions
 e - a potion of curing
 f - a potion of berserk rage {unknown}
 i - a potion of might {unknown}
 p - 2 potions of flight {unknown}
 q - a potion of brilliance {unknown}
 r - a potion of cancellation {unknown}
 s - a potion of mutation {unknown}
 u - a potion of resistance {unknown}


   Skills:
 - Level 2.0 Fighting
 + Level 7.9 Ranged Weapons
 - Level 1.7 Dodging
 - Level 0.8 Stealth


You had 6 spell levels left.
You didn't know any spells.
Your spell library contained the following spells:

 Spells                   Type           Power      Damage    Failure   Level
 Sandblast                Erth           0%         2d4       45%         1
 Blink                    Tloc           0%         N/A       58%         2
 Passwall                 Tmut/Erth      0%         N/A       58%         2
 Stone Arrow              Conj/Erth      0%         3d7       83%         3
 Manifold Assault         Tloc           0%         N/A       100%        5
 Storm Form               Tmut/Air       0%         N/A       100%        7


Dungeon Overview and Level Annotations

Branches:
Dungeon (7/15)
 Temple: D:4-7

Altars:
Hepliaklqana
Nemelex Xobeh
Okawaru
Vehumet

Shops:
D:7 *


Innate Abilities, Weirdness & Mutations

You have a pair of small antennae on your head.
Your demonic aura often causes spilled blood to erupt in flames.
You regenerate health from kills.


Message History

You kill the killer bee!
You feel very sick. The orc hits you with a +0 hand axe.
* * * LOW HITPOINT WARNING * * *
The killer bee barely misses you.
Okay, then.
Really read the scroll of immolation?
Okay, then.
You feel better. The killer bee barely misses you. The killer bee stings you.
* * * LOW HITPOINT WARNING * * *
The orc closely misses you.
You draw a card...
You have drawn the Elixir.
You begin rapidly regenerating health and magic.
The killer bee stings you but does no damage.
The orc hits you with a +0 hand axe.
* * * LOW HITPOINT WARNING * * *
The killer bee stings you!
* * * LOW HITPOINT WARNING * * *
You draw a card...
You have drawn the Elixir.
You begin rapidly regenerating health and magic.
The killer bee barely misses you. x2; The orc barely misses you.
You draw a card...
You have drawn the Cloud.
Clouds appear around you! The killer bee barely misses you.
The orc hits you with a +0 hand axe.
* * * LOW HITPOINT WARNING * * *
The killer bee stings you.
* * * LOW HITPOINT WARNING * * *
You are lethally poisoned!
The killer bee poisons you!
You draw a card...
You have drawn the Cloud.
Nothing appears to happen.
The deck of cards glows slightly and disappears.
* * * LOW HITPOINT WARNING * * *
You feel very sick. The killer bee closely misses you.
The orc barely misses you. The killer bee stings you.
* * * LOW HITPOINT WARNING * * *
You feel better. The killer bee stings you.
* * * LOW HITPOINT WARNING * * *
The orc hits you with a +0 hand axe.
You die...
Your body disappears without a glow.

###.............#.......
#.........##.##.......
#####).###..##...........
#....).##...###..#......#
##......###.##
#..#.....##
#........#...#
#....#....#
##....)......#
##...###...
##......§§§.## #.......##
#.......@y§..# #.......#
##..#####o##.....#....##
##..#..oyy# .#..#.#...##
#.....#.o.#.###..###....
##....#.....# #.. #.....
######.......o........#
#........$#....##..#
##........# ...##..
#..#....## #.....


You could see 3 killer bees and an orc.

Vanquished Creatures
  Edmund (D:4)
  A water moccasin (D:7)
  An ice beast (D:7)
  A bullfrog (D:7)
  A killer bee (D:7)
  2 orc priests (D:7)
  4 adders
  8 orcs (D:7)
  7 endoplasms
  3 giant cockroaches
  6 goblins
  7 hobgoblins
  2 jackals (D:1)
  2 kobolds
  A quokka (D:1)
  4 ball pythons
  3 bats
  2 frilled lizards
  3 rats
59 creatures vanquished.

Vanquished Creatures (others)
  24 plants
24 creatures vanquished.

Grand Total: 83 creatures vanquished

Notes
Turn   | Place    | Note
-------+----------+-------------------------------------------
     0 | D:1      | Malachi the Demonspawn Hunter began the quest for the Orb.
     0 | D:1      | Reached XP level 1. HP: 16/16 MP: 1/1
   164 | D:1      | Reached skill level 4 in Ranged Weapons
   168 | D:1      | Gained mutation: You have a pair of small antennae on your
                  | head. [demonic ancestry]
   168 | D:1      | Reached XP level 2. HP: 17/22 MP: 2/2
   508 | D:1      | Found a faded altar of an unknown god.
   518 | D:1      | Prayed at the altar of an unknown god.
   518 | D:1      | Became a worshipper of Nemelex Xobeh the Trickster
   518 | D:1      | Reached * piety under Nemelex Xobeh
   782 | D:2      | Received a gift from Nemelex Xobeh
   830 | D:2      | Gained mutation: Your demonic aura sometimes causes spilled
                  | blood to erupt in flames. [demonic ancestry]
   830 | D:2      | Reached XP level 3. HP: 21/27 MP: 3/3
  1276 | D:2      | Reached skill level 5 in Ranged Weapons
  1993 | D:3      | Reached ** piety under Nemelex Xobeh
  2000 | D:3      | Gained mutation: Your demonic aura often causes spilled
                  | blood to erupt in flames. [demonic ancestry]
  2000 | D:3      | Reached XP level 4. HP: 33/33 MP: 4/4
  2268 | D:3      | Found a faded altar of an unknown god.
  2282 | D:3      | Found a faded altar of an unknown god.
  2282 | D:3      | Found a hazy altar of Hepliaklqana.
  2623 | D:4      | Noticed Edmund
  2635 | D:4      | Killed Edmund
  2636 | D:4      | Reached skill level 6 in Ranged Weapons
  2636 | D:4      | Gained mutation: You regenerate a little health from kills.
                  | [demonic ancestry]
  2636 | D:4      | Reached XP level 5. HP: 38/38 MP: 5/5
  2663 | D:4      | You are sucked into a shaft and drop 3 floors!
  2667 | D:7      | Found Cor Nicwuuho's Assorted Antiques.
  2717 | D:7      | Noticed an ice beast
  2724 | D:7      | Killed an ice beast
  2725 | D:7      | Gained mutation: You regenerate health from kills. [demonic
                  | ancestry]
  2725 | D:7      | Reached XP level 6. HP: 44/44 MP: 6/6
  2739 | D:7      | Noticed a water moccasin
  2745 | D:7      | Killed a water moccasin
  2746 | D:7      | Reached skill level 7 in Ranged Weapons
  2824 | D:7      | Found an iron altar of Okawaru.
  2828 | D:7      | Found a radiant altar of Vehumet.
  2876 | D:7      | Reached XP level 7. HP: 41/50 MP: 7/7
  2921 | D:7      | HP: 1/50 [killer bee (3)]
  2922 | D:7      | Slain by an orc

Illustrated notes

Levels and vault maps discovered:
D:1:      amcnicky_arrival_flooded_fountain, layout_loops_ring,
          ebering_ecumenical_altar_abandoned, chequers_mini_garden
D:2:      layout_loops_ring, serial_forest, infiniplex_forest_clump_tiny,
          infiniplex_forest_straight_3, infiniplex_forest_clump_medium,
          infiniplex_forest_end_double, infiniplex_forest_end_2,
          infiniplex_forest_split, infiniplex_forest_lined_room_2,
          infiniplex_forest_straight_3
D:3:      layout_basic, nicolae_overflow_hidden_temple,
          nicolae_hepliaklqana_ecumenical_no_more
D:4:      layout_gridville, minmay_temple_entry_stoned_glass, uniq_edmund,
          uniq_menkaure
D:6:      layout_layer_cave, lemuel_tele_altar, corexii_corridor_pit,
          uniq_duvessa, uniq_pikel
D:7:      layout_cave_pools, mainiacjoe_overflow_catch_the_wave,
          mainiacjoe_overflow_alcove_4, serial_shops, shop, enter_bailey_5

Skill      XL: |  1  2  3  4  5  6 |
---------------+-------------------+-----
Ranged Weapons | 4 5 6 7 |  7.9
Fighting       | |  2.0
Dodging        | |  1.7
Stealth        | |  0.8

Action                   |  1- 3 |  4- 6 |  7- 9 || total
-------------------------+-------+-------+-------++-------
 Fire: Shortbow          |    88 |    55 |    15 ||   158
Invok: Draw Summoning    |       |     1 |       ||     1
       Draw Escape       |       |       |     4 ||     4
  Use: Scroll            |     3 |     5 |       ||     8
       Potion            |       |       |     3 ||     3
Armor: Leather armour    |     8 |       |     7 ||    15
Dodge: Dodged            |    16 |    12 |    22 ||    50

Table legend: (Time is in decaauts)
 A = Elapsed time spent in this place.
 B = Non-inter-level travel time spent in this place.
 C = Inter-level travel time spent in this place.
 D = Time resting spent in this place.
 E = Time spent auto-exploring this place.
 F = Levels seen in this place.
 G = Mean time per level.
                   A        B        C        D        E       F      G
               +--------+--------+--------+--------+--------+-----+--------+
         Total |   2964 |   2861 |    103 |     37 |   2269 |   6 |  494.0 |
       Dungeon |   2964 |   2861 |    103 |     37 |   2269 |   6 |  494.0 |
               +--------+--------+--------+--------+--------+-----+--------+

Top non-repeatable levels by time:
     D:2: 973 daAuts
     D:3: 889 daAuts
     D:1: 791 daAuts
     D:7: 264 daAuts
     D:4: 43 daAuts
     D:6: 1 daAuts
